 Dungeon Crawl Stone Soup version 0.17-a0-2144-gd7f430c (webtiles) character file.

645 Psiweapon the Quickloader (level 7, -1/41 HPs)
             Began as a Kobold Hunter on Sept 15, 2015.
             Succumbed to an orc wizard's poison
             ... on level 5 of the Dungeon on Oct 24, 2015.
             The game lasted 00:23:24 (3290 turns).

Psiweapon the Quickloader (Kobold Hunter)           Turns: 3290, Time: 00:23:24

Health: -1/41      AC:  7    Str: 11    XL:     7   Next: 82%
Magic:  7/7        EV: 16    Int:  9    God:
Gold:   269        SH:  0    Dex: 18    Spells: 0 memorised, 6 levels left

rFire  . . .     SeeInvis .     b - +2 short sword (drain)
rCold  . . .     Clarity  .     d - +0 leather armour
rNeg   . . .     SustAt   +     (shield restricted)
rPois  .         Gourm    .     q - +0 helmet
rElec  .         Spirit   .     E - +0 cloak
rCorr  .         Warding  .     h - +0 pair of gloves
rMut   .         Stasis   .     m - +0 pair of boots
MR     .....                    (no amulet)
Stlth  +++.......               (no ring)
                                j - ring of sustain attributes

@: lethally poisoned (-1 -> -19), invisible, not resistant to hostile
enchantments, fairly stealthy
A: carnivore 3
a: no special abilities


You were on level 5 of the Dungeon.
You were completely stuffed.

You visited 2 branches of the dungeon, and saw 6 of its levels.

You collected 269 gold pieces.

Inventory:

Hand Weapons
 a - a +2 hand crossbow
 b - a +2 short sword of draining (weapon)
 c - a +2 dagger of venom
 x - a +0 mace of holy wrath
 D - a +3 quarterstaff of chaos
 K - a +3 whip
Missiles
 r - 12 bolts
Armour
 d - a +0 leather armour (worn)
 h - a +0 pair of gloves (worn)
 m - a +0 pair of boots (worn)
 q - a +0 helmet (worn)
 t - a cursed +0 ring mail
 E - a +0 cloak (worn)
Jewellery
 j - a ring of sustain attributes (left hand)
Wands
 u - a wand of fire (2)
 B - a wand of hasting (5)
Scrolls
 f - 3 scrolls of enchant weapon
 k - a scroll of random uselessness {unknown}
 p - a scroll of recharging {unknown}
 s - 3 scrolls of identify
 w - a scroll of noise {unknown}
 y - a scroll of fog {unknown}
 H - a scroll of magic mapping {unknown}
 M - a scroll of remove curse
 N - a scroll of blinking {unknown}
Potions
 g - 3 potions of cancellation
 l - a potion of flight {unknown}
 n - a potion of poison {unknown}
 o - 2 potions of lignification {unknown}
 v - a potion of mutation {unknown}
 z - a potion of invisibility
 A - a potion of cure mutation {unknown}
 C - a potion of haste {unknown}
 G - a potion of heal wounds {unknown}
 J - 2 potions of agility {unknown}
 L - a potion of degeneration {unknown}
Comestibles
 e - 4 meat rations
 F - 3 beef jerkies


   Skills:
 + Level 3.0 Fighting
 + Level 1.8 Short Blades
 + Level 0.3 Staves
 + Level 8.4 Crossbows
 + Level 2.0 Armour
 + Level 4.1 Dodging
 + Level 3.7 Stealth
 + Level 0.2 Evocations


You had 6 spell levels left.
You didn't know any spells.

Dungeon Overview and Level Annotations

Branches:
Dungeon (5/15)             Temple (1/1) D:4

Altars:
Ashenzari
Fedhas
Gozag
Kikubaaqudgha
Makhleb
Xom
Yredelemnul
Zin
The Shining One

Annotations:
D:4 Vergil's ghost, amateur DEAE


Innate Abilities, Weirdness & Mutations

You are small and have problems with some larger weapons.
You are carnivorous and can eat meat at any time.


Message History

You are more poisoned.
You hit the orc wizard but do no damage.
You drain the orc wizard!
The orc wizard is almost dead.
* * * LOW HITPOINT WARNING * * *
You feel sick. The orc wizard closely misses you. The orc closely misses you.
You closely miss the orc wizard.
The orc wizard is almost dead.
* * * LOW HITPOINT WARNING * * *
You feel sick.
The orc wizard casts a spell.
The orc wizard flickers and vanishes!
Deactivating autopickup; reactivate with Ctrl-A.
Something closely misses you.
The orc hits you from afar with a trident.
* * * LOW HITPOINT WARNING * * *
Drink which item? (? for menu, Esc to quit)
It was a potion of invisibility.
You fade into invisibility!
You die...

#.# #..# #.#..# #.#
##.###..#.# #.#
##..###.#... #.#
#....##.####..
#....##)# ##
#....##.## ##.......##
.. #.........# #.#####
#@#...........
#....!.##{#.###....###
#.#....>oS......#....
#.......Z#..#######.#.
((.....#.#..## ....
..#....†....# #.
#....##......
....$((........>
.>$.(..(....<##..


You could see an adder, an orc and a jackal zombie.

Vanquished Creatures
  3 killer bees (D:5)
  A crimson imp (D:5)
  An orc priest (D:4)
  Crazy Yiuf (D:3)
  An iguana (D:4)
  8 orc wizards
  A worker ant (D:4)
  4 adders
  An ooze (D:1)
  A worm (D:2)
  3 giant geckos
  12 orcs
  5 bats
  5 giant cockroaches
  9 goblins
  8 hobgoblins
  9 jackals
  2 ball pythons
  5 giant newts
  13 kobolds
  3 quokkas
  9 rats
105 creatures vanquished.

Notes
Turn   | Place    | Note
--------------------------------------------------------------
     0 | D:1      | Psiweapon the Kobold Hunter began the quest for the Orb.
     0 | D:1      | Reached XP level 1. HP: 12/12 MP: 1/1
    20 | D:1      | Reached skill level 5 in Crossbows
   118 | D:1      | Reached XP level 2. HP: 14/17 MP: 2/2
   157 | D:1      | Upgraded the game from 0.17-a0-1837-g7c6a762 to 0.17-a0-2108-g65e8068
   325 | D:1      | Reached XP level 3. HP: 19/21 MP: 3/3
  1166 | D:2      | Reached skill level 6 in Crossbows
  1197 | D:2      | Reached XP level 4. HP: 21/26 MP: 4/4
  1432 | D:2      | Upgraded the game from 0.17-a0-2108-g65e8068 to 0.17-a0-2144-gd7f430c
  1977 | D:3      | Reached XP level 5. HP: 30/30 MP: 5/5
  2006 | D:3      | Noticed Crazy Yiuf
  2014 | D:3      | Killed Crazy Yiuf
  2014 | D:3      | Reached skill level 1 in Armour
  2135 | D:3      | Found a shattered altar of Ashenzari.
  2632 | D:4      | Reached skill level 7 in Crossbows
  2739 | D:4      | Found a staircase to the Ecumenical Temple.
  2745 | Temple   | Entered the Ecumenical Temple
  2760 | D:4      | Reached XP level 6. HP: 30/36 MP: 6/6
  2821 | D:4      | Reached skill level 1 in Short Blades
  2928 | D:4      | Reached XP level 7. HP: 40/40 MP: 7/7
  2981 | D:4      | Noticed Vergil's ghost (amateur DEAE)
  2995 | D:5      | Entered Level 5 of the Dungeon
  3048 | D:5      | Reached skill level 8 in Crossbows
  3289 | D:5      | HP: 1/41 [orc/trident (2)]
  3290 | D:5      | Succumbed to an orc wizard's poison

Vault maps used:
D:1:      mrwooster_arrival_arrow, serial_forest,
          infiniplex_forest_clump_medium, infiniplex_forest_lined_corner,
          infiniplex_forest_lined_2, infiniplex_forest_lined_3_way,
          infiniplex_forest_straight_2, hex_medium
D:2:      hangedman_feature_mirror, grunt_ministairs_9
D:3:      overflow_temple_1_default, uniq_crazy_yiuf_cottage
D:4:      lemuel_round_altar, uniq_edmund
D:5:      first_bread, serial_shops, shop_statue, uniq_menkaure
Temple:   nicolae_temple_no_exploring_needed

Action                   |  1- 3 |  4- 6 |  7- 9 || total
-------------------------+-------+-------+-------++-------
Melee: Short sword       |    29 |    49 |    12 ||    90
       Dagger            |    28 |    19 |    23 ||    70
       Quarterstaff      |       |     7 |       ||     7
 Fire: Hand crossbow     |    44 |    78 |    20 ||   142
Evoke: Wand              |       |     2 |       ||     2
  Use: Scroll            |     2 |     2 |     1 ||     5
       Potion            |       |       |     4 ||     4
 Stab: Sleeping          |     1 |     2 |       ||     3
  Eat: Chunk             |     9 |     5 |     2 ||    16
